 Dungeon Crawl Stone Soup version 0.28.0-1-gb440e238dd (webtiles) character file.

Game seed: 14000795570073712509

5056 Descartes the Ruffian (level 10, -15/96 (98) HPs)
             Began as a Troll Chaos Knight on Feb 19, 2022.
             Was a Plaything of Xom.
             Demolished by an orc warrior (24 damage)
             ... on level 8 of the Dungeon.
             The game lasted 00:15:44 (6216 turns).

Descartes the Ruffian (Troll Chaos Knight)          Turns: 6216, Time: 00:15:45

HP:   -15/96 (98)   AC:  6    Str: 22    XL:     10   Next: 31%
MP:   11/11         EV: 11    Int: 12    God:    Xom [.....*]
Gold: 518           SH:  0    Dex:  9    Spells: 4/12 levels left

rFire   + . .      SeeInvis .     - Unarmed
rCold   . . .      Faith    .   (no shield)
rNeg    . . .      Spirit   .   a - +2 robe
rPois   .          Reflect  .   H - +0 hat
rElec   .          Harm     .   (no cloak)
rCorr   .          Rampage  .   (gloves unavailable)
Will    .....                   (boots unavailable)
Stlth   +.........              G - amulet of regeneration
HPRegen 1.86/turn               B - ring of protection from fire
MPRegen 0.12/turn               (no ring)

@: attractive, studying Slings, lightly drained
A: large, unfitting armour, claws 3, regeneration 1, shaggy fur 1, tough skin 1,
talons 1
a: Renounce Religion


You were on level 8 of the Dungeon.
You worshipped Xom.
You were Xom's teddy bear.
You visited 2 branches of the dungeon, and saw 9 of its levels.

You collected 518 gold pieces.

Inventory:

Hand Weapons
 f - a +2 falchion of holy wrath
 o - a +3 longbow
 q - a +0 dagger of venom
 x - a +3 falchion
 L - a +4 great sword
Missiles
 c - 168 stones (quivered)
 d - 48 arrows
 j - 5 atropa-tipped darts
 k - 124 sling bullets
 l - 100 bolts
 w - 8 poisoned darts
 y - 4 boomerangs
 D - 5 throwing nets
 J - a curare-tipped dart
Armour
 a - a +2 robe (worn)
 t - an orb of energy
 H - a +0 hat (worn)
Magical Staves
 E - a staff of earth
Jewellery
 B - a ring of protection from fire (left claw)
 G - an amulet of regeneration (around neck)
Wands
 g - a wand of flame (20)
Scrolls
 b - 8 scrolls of identify {unknown}
 e - 2 scrolls of fear {unknown}
 i - a scroll of torment {unknown}
 m - 3 scrolls of magic mapping {unknown}
 s - a scroll of fog {unknown}
 u - a scroll of blinking {unknown}
 v - 2 scrolls of immolation {unknown}
 C - a scroll of enchant armour {unknown}
 F - a scroll of teleportation {unknown}
Potions
 h - a potion of brilliance
 n - 3 potions of mutation
 r - 5 potions of might
 z - a potion of heal wounds {unknown}
 A - a potion of flight


   Skills:
 + Level 6.2 Fighting
 + Level 4.1 Slings
 + Level 6.0 Dodging
 + Level 7.4 Unarmed Combat
 + Level 1.8 Spellcasting
 + Level 2.2 Transmutations
 + Level 5.6 Earth Magic
 + Level 2.3 Evocations


You had 4 spell levels left.
You knew the following spells:

 Your Spells              Type           Power      Damage    Failure   Level
a - Stone Arrow           Conj/Erth      14%        3d7       26%         3
b - Blade Hands           Tmut           3%         N/A       97%         5

Your spell library contained the following spells:

 Spells                   Type           Power      Damage    Failure   Level
 Sandblast                Erth           28%        2d8       2%          1
 Passwall                 Tmut/Erth      8%         N/A       9%          2
 Corpse Rot               Necr/Air       2%         N/A       38%         2
 Poisonous Vapours        Pois/Air       2%         N/A       38%         2
 Ignite Poison            Fire/Tmut/Pois 2%         N/A       52%         3
 Call Canine Familiar     Summ           1%         N/A       63%         3
 Gell's Gravitas          Tloc           1%         N/A       63%         3
 Lesser Beckoning         Tloc           1%         N/A       63%         3
 Mephitic Cloud           Conj/Pois/Air  1%         N/A       63%         3
 Portal Projectile        Hex/Tloc       2%         N/A       63%         3
 Teleport Other           Tloc           1%         N/A       63%         3
 Animate Armour           Summ/Erth      14%        N/A       65%         4
 Leda's Liquefaction      Hex/Erth       3%         N/A       65%         4
 Excruciating Wounds      Necr           0%         N/A       100%        5
 Freezing Cloud           Conj/Ice/Air   0%         6-21      100%        5
 Lehudib's Crystal Spear  Conj/Erth      3%         10d3      100%        8


Dungeon Overview and Level Annotations

Branches:
Dungeon (8/15)             Temple (1/1) D:5            Lair (0/6) D:8

Altars:
Ashenzari
Cheibriados
Dithmenos
Elyvilon
Fedhas
Gozag
Hepliaklqana
Kikubaaqudgha
Makhleb
Nemelex Xobeh
Okawaru
Qazlal
Ru
Sif Muna
Trog
Uskayaw
Vehumet
Wu Jian
Xom
Yredelemnul
The Shining One

Shops:
D:1 !   D:7 *


Innate Abilities, Weirdness & Mutations

You are too large for most types of armour.
You have claws for hands.
Your natural rate of healing is unusually fast.
You are covered in fur. (AC +1)
You have tough skin. (AC +1)
You have sharp toenails.


Message History

You claw the orc warrior, but do no damage.
Your claw misses the orc warrior.
The orc warrior is moderately wounded.
The orc warrior hits you with a +2 halberd of protection.
* * * LOW HITPOINT WARNING * * *
You closely miss the orc warrior. Your kick misses the orc warrior.
The orc warrior is moderately wounded.
You closely miss the orc warrior. Your kick misses the orc warrior.
The orc warrior is moderately wounded.
The orc warrior barely misses you. The kobold barely misses you.
You scratch the orc warrior. Your kick misses the orc warrior.
The orc warrior is heavily wounded.
The orc warrior hits you with a +2 halberd of protection!
* * * LOW HITPOINT WARNING * * *
It was a potion of cancellation.
Your magical effects are unravelling.
You feel magically purged.
You float gracefully downwards.
You feel a little less clever now.
The sentinel's mark upon you fades away.
The kobold barely misses you.
The orc warrior hits you with a +2 halberd of protection!
* * * LOW HITPOINT WARNING * * *
You feel better. The kobold hits you with a +0 whip.
* * * LOW HITPOINT WARNING * * *
The orc warrior hits you with a +2 halberd of protection.
* * * LOW HITPOINT WARNING * * *
It was a potion of attraction.
You feel attractive to monsters.
Xom roars with laughter!
The kobold hits you with a +0 whip.
* * * LOW HITPOINT WARNING * * *
The orc warrior closely misses you.
You scratch the orc warrior but do no damage.
You claw the orc warrior, but do no damage.
Your claw misses the orc warrior.
The orc warrior is heavily wounded.
The kobold misses you.
The orc warrior hits you with a +2 halberd of protection!!
You die...
Xom chortles!

##############
###
#KK@o§§§.....#
...
#K##########o#
### #. # #K #.
#K .. #. #.#


You could see an orc warrior, a kobold brigand and 2 kobolds.

Vanquished Creatures
  Harold (D:8)
  A troll (D:8)
  A water moccasin (D:6)
  2 sky beasts (D:7)
  An ice beast (D:8)
  2 necrophages
  2 wolves (D:8)
  A centaur (D:6)
  A phantom (D:7)
  3 kobold brigands
  5 bullfrogs
  2 scorpions
  A water moccasin zombie (D:6)
  19 wights (D:8)
  An electric eel (D:8)
  3 howler monkeys (D:7)
  A crimson imp (D:6)
  2 centaur zombies
  A bullfrog zombie (D:5)
  4 jellies
  5 orc priests
  5 hounds
  A bullfrog skeleton (D:7)
  2 centaur skeletons
  4 iguanas
  5 orc wizards
  A hound skeleton (D:4)
  A howler monkey zombie (D:7)
  4 adders
  4 gnolls
  2 shadow imps
  2 white imps
  An ufetubus (D:5)
  An adder skeleton (D:4)
  A worm (D:3)
  4 dart slugs
  14 orcs
  11 ball pythons
  4 bats
  9 endoplasms
  2 giant cockroaches
  5 goblins
  13 hobgoblins
  2 quokkas
  7 frilled lizards
  19 kobolds
  4 rats
187 creatures vanquished.

Vanquished Creatures (collateral kills)
  A two-headed ogre (D:5)
  A scorpion (D:5)
  An adder (D:5)
3 creatures vanquished.

Vanquished Creatures (others)
  A wight (D:8)
  An electric eel (D:8)
  10 fungi (D:6)
  4 plants (D:8)
16 creatures vanquished.

Grand Total: 206 creatures vanquished

Notes
Turn   | Place    | Note
-------+----------+-------------------------------------------
     0 | D:1      | Descartes the Troll Chaos Knight began the quest for the
                  | Orb.
     0 | D:1      | Reached XP level 1. HP: 22/22 MP: 0/0
    55 | D:1      | XOM: silly message
   185 | D:1      | Reached XP level 2. HP: 29/29 MP: 1/1
   205 | D:1      | Found Oluasta's Distillery.
   247 | D:1      | Found a faded altar of an unknown god.
   497 | D:1      | XOM is BORED!
   574 | D:1      | XOM: god gift: scroll labelled NAKHAW EMEXTION {god gift}
   631 | D:1      | XOM: cloud trail
   821 | D:1      | XOM: give mutations
   821 | D:1      | Gained mutation: You are agile. (Dex +2) [Xom's grace]
   821 | D:1      | Gained mutation: Your flesh is heat resistant. (rF+) [Xom's
                  | grace]
   821 | D:1      | Gained mutation: You have large cloven feet. [Xom's grace]
   821 | D:1      | Gained mutation: Your flesh is cold resistant. (rC+) [Xom's
                  | grace]
   889 | D:2      | Reached XP level 3. HP: 35/36 MP: 2/2
  1431 | D:3      | Reached XP level 4. HP: 45/45 MP: 3/3
  1483 | D:3      | Learned a level 3 spell: Stone Arrow
  1493 | D:3      | Found a shimmering blue altar of Sif Muna.
  1667 | D:3      | Found a shimmering altar of Xom.
  1667 | D:3      | Noticed a scorpion
  1668 | D:3      | XOM: polymorph bat -> ball python
  1680 | D:3      | Killed a scorpion
  1681 | D:3      | Reached skill level 4 in Unarmed Combat
  1681 | D:3      | Reached skill level 1 in Earth Magic
  1681 | D:3      | Reached XP level 5. HP: 48/53 MP: 4/4
  1832 | D:3      | XOM: scenery: create altars
  2212 | D:4      | You fall into a shaft and drop 2 floors!
  2225 | D:5      | Entered Level 5 of the Dungeon
  2233 | D:5      | Reached XP level 6. HP: 44/61 MP: 5/5
  2257 | D:5      | XOM: enchant monster (good)
  2289 | D:5      | XOM: scenery: create altars
  2290 | D:5      | XOM: swap monsters
  2384 | D:5      | XOM: 2-stop teleportation journey
  2385 | D:5      | XOM: cast spell 'Summon Hydra'
  2436 | D:5      | Reached XP level 7. HP: 56/70 MP: 6/6
  2626 | D:4      | Found a stormy altar of Qazlal.
  2626 | D:4      | XOM: 3-stop teleportation journey
  2783 | D:4      | Found a bloodstained altar of Trog.
  2914 | D:4      | Reached skill level 5 in Unarmed Combat
  3121 | D:5      | Noticed a two-headed ogre
  3126 | D:5      | XOM: cast spell 'Call Canine Familiar'
  3127 | D:5      | XOM: summons 4 friendly demons
  3134 | D:5      | Killed a two-headed ogre
  3135 | D:5      | Reached skill level 6 in Unarmed Combat
  3135 | D:5      | Reached XP level 8. HP: 16/79 MP: 7/7
  3139 | D:5      | Reached skill level 5 in Fighting
  3253 | D:5      | Found a staircase to the Ecumenical Temple.
  3375 | D:5      | XOM: give mutations
  3375 | D:5      | Gained mutation: You are robust. (+10% HP) [Xom's grace]
  3375 | D:5      | Lost mutation: You have large cloven feet. [Xom's grace]
  3375 | D:5      | Gained mutation: You have sharp toenails. [Xom's grace]
  3491 | Temple   | Entered the Ecumenical Temple
  3653 | Temple   | XOM: silly message
  3855 | D:6      | Found an iron altar of Okawaru.
  3963 | D:6      | Reached skill level 1 in Slings
  3978 | D:6      | Identified the +4 chain mail "Sugo" {Rampage Str+6}
  4026 | D:6      | Reached skill level 5 in Dodging
  4209 | D:6      | XOM: potion effect (might)
  4244 | D:6      | Found an ornate altar of the Wu Jian Council.
  4368 | D:6      | Reached XP level 9. HP: 94/96 MP: 8/8
  4395 | D:6      | Learned a level 5 spell: Blade Hands
  4723 | D:7      | Found Ataceru's Neck Hole.
  5115 | D:7      | XOM: fog
  5116 | D:7      | XOM: divination: detect creatures
  5148 | D:7      | XOM: divination: detect items
  5159 | D:7      | Reached skill level 1 in Evocations
  5165 | D:7      | Found an ancient bone altar of Kikubaaqudgha.
  5172 | D:7      | Found a hazy altar of Hepliaklqana.
  5179 | D:7      | XOM: divination: detect creatures
  5238 | D:7      | XOM: god gift: pair of gloves {god gift}
  5388 | D:7      | Reached skill level 5 in Earth Magic
  5410 | D:7      | Reached skill level 1 in Transmutations
  5440 | D:7      | Found a shadowy altar of Dithmenos.
  5444 | D:7      | XOM: cast spell 'Chain of Chaos'
  5554 | D:8      | Reached skill level 1 in Spellcasting
  5565 | D:8      | Reached skill level 7 in Unarmed Combat
  5615 | D:8      | XOM: scenery: summon butterflies
  5632 | D:8      | XOM: smoke on damage
  5642 | D:8      | XOM: enchant monster (good)
  5652 | D:8      | Found a staircase to the Lair.
  5654 | D:8      | XOM: scenery: summon butterflies
  5657 | D:8      | Noticed a troll
  5665 | D:8      | Killed a troll
  5750 | D:8      | XOM: destruction
  5759 | D:8      | Reached XP level 10. HP: 104/107 MP: 11/11
  5815 | D:8      | XOM: noise
  5845 | D:8      | XOM: summons friendly ufetubus
  5845 | D:8      | XOM: smoke on damage
  6156 | D:8      | XOM: 4-stop teleportation journey
  6176 | D:8      | Noticed Harold
  6196 | D:8      | Lost mutation: You are robust. (+10% HP) [potion of
                  | mutation]
  6196 | D:8      | Lost mutation: Your flesh is heat resistant. (rF+) [potion
                  | of mutation]
  6196 | D:8      | Lost mutation: Your flesh is cold resistant. (rC+) [potion
                  | of mutation]
  6196 | D:8      | Lost mutation: You are agile. (Dex +2) [potion of mutation]
  6199 | D:8      | XOM: fog
  6201 | D:8      | Killed Harold
  6213 | D:8      | HP: 4/96 [orc warrior (7)]
  6216 | D:8      | Demolished by an orc warrior

Illustrated notes

Levels and vault maps discovered:
D:1:      dpeg_arrival_signposts, layout_basic,
          hellmonk_ecumenical_altar_lost_god, serial_shops,
          nicolae_shop_crystal, minmay_heptomino_h4
D:2:      layout_rooms, kennysheep_doodads, corexii_leaking_fountain
D:3:      layout_loops_ring, lemuel_round_altar, lemuel_blue_sif_altar,
          minmay_misc_feat_five, minmay_goblin_outpost
D:4:      layout_loops_ring, mainiacjoe_overflow_brackets,
          nicolae_overflow_hidden_temple, serial_glass, glass_columns_b,
          glass_columns_a, item_on_display_b, item_on_display_a,
          due_unseen_surprise
D:5:      layout_rooms, minmay_temple_entry_statues, minmay_manual_monstrance
D:6:      layout_rooms, lemuel_round_altar, lemuel_crystal_altar,
          serial_aquarium, aquarium_bridge_square [aquarium_subvault_bridge,
          aquarium_subvault_window, aquarium_subvault_window,
          aquarium_subvault_bridge], aquarium_bridge_square
          [aquarium_subvault_bridge, aquarium_subvault_wall,
          aquarium_subvault_window, aquarium_subvault_bridge],
          aquarium_window_fake, aquarium_window_1, aquarium_window_1,
          aquarium_window_2, aquarium_view_2a, aquarium_view_2g,
          aquarium_pool_1, minmay_fire_ice_demons
D:7:      layout_basic, grunt_dithmenos_shadows,
          amethyst_overflow_temple_binary, nicolae_shop_sticking_my_neck_out
D:8:      layout_loops_ring, erik_lair_island, serial_bayou_pond_a, uniq_harold
Temple:   minmay_temple_forest_path

Skill      XL: |  1  2  3  4  5  6  7  8  9 10 |
---------------+-------------------------------+-----
Dodging        | 2 3 4 5 6 |  6.0
Fighting       | 3 4 5 6 |  6.2
Unarmed Combat | 4 6 7 |  7.4
Earth Magic    | 1 2 4 5 |  5.6
Slings         | 2 3 4 |  4.1
Evocations     | 1 2 |  2.3
Transmutations | 1 2 |  2.2
Spellcasting   | 1 |  1.8

Action                   |  1- 3 |  4- 6 |  7- 9 | 10-12 || total
-------------------------+-------+-------+-------+-------++-------
Melee: Unarmed           |    97 |   113 |   224 |    84 ||   518
       Kick              |    14 |    23 |    57 |    27 ||   121
       Punch             |     3 |       |    13 |     5 ||    21
  Use: Potion            |       |       |     4 |     7 ||    11
 Stab: Distracted        |       |       |     1 |       ||     1
Armor: Robe              |    37 |    41 |    59 |    10 ||   147
Dodge: Dodged            |    39 |    42 |    97 |    38 ||   216
